 Dungeon Crawl Stone Soup version 0.31-a0-836-g3ceb0a68c4 (webtiles) character file.

Game seed: 15976247015469359843

1934 demibob the Carver (level 8, -5/69 HPs)
             Began as a Yellow Draconian Chaos Knight on Sept 26, 2023.
             Was a Plaything of Xom.
             Slain by a gnoll sergeant
             ... wielding a +0 spear
              (13 damage)
             ... on level 6 of the Dungeon.
             The game lasted 00:08:48 (4871 turns).

demibob the Carver (Yellow Draconian Chaos Knight)  Turns: 4871, Time: 00:08:49

Health: -5/69      AC: 12    Str: 14    XL:     8   Next: 97%
Magic:  8/8        EV: 12    Int: 12    God:    Xom [.*....]
Gold:   287        SH:  0    Dex: 14    Spells: 7/7 levels left

rFire   . . .        a - +1 falchion (chaos)
rCold   . . .        (no shield)
rNeg    . . .        (body armour unavailable)
rPois   +            (helmet restricted)
rElec   .            m - +1 cloak
rCorr   +            (no gloves)
SInv    .            (no boots)
Will    .....        (no amulet)
Stlth   +            T - +4 ring of protection
HPRegen 1.11/turn    (no ring)
MPRegen 0.11/turn

%: clarity
@: short of breath
A: spit acid, AC +6, unfitting armour, cold-blooded, acid resistance, clarity,
poison resistance, regeneration 1, robust 1
a: Breathe Acid, Renounce Religion


You were on level 6 of the Dungeon.
You worshipped Xom.
You were a plaything of Xom.
You visited 1 branch of the dungeon, and saw 6 of its levels.
You also visited: Sewer.

You collected 287 gold pieces.


Innate Abilities, Weirdness & Mutations

You can spit globs of acid.
Your golden yellow scales are hard. (AC +6)
You cannot fit into any form of body armour.
You are cold-blooded and may be slowed by cold attacks.
You are resistant to acid. (rCorr)
You possess an exceptional clarity of mind.
Your system is resistant to poisons. (rPois)
Your natural rate of healing is unusually fast.
You are robust. (+10% HP)


   Skills:
 - Level 3.2 Fighting
 + Level 12.0 Long Blades
 - Level 2.1 Dodging


You had 7 spell levels left.
You didn't know any spells.
Your spell library contained the following spells:

 Spells                   Type           Power      Damage    Failure   Level
 Kiss of Death            Conj/Necr      0%         2d5       32%         1
 Sting                    Tmut/Pois      0%         1d3       32%         1
 Poisonous Vapours        Pois/Air       0%         N/A       45%         2
 Confusing Touch          Hex            0%         N/A       69%         3
 Dazzling Flash           Conj/Hex       0%         N/A       69%         3
 Volatile Blastmotes      Fire/Tloc      0%         2d10      69%         3
 Dispel Undead            Necr           0%         3d6       97%         4
 Olgreb's Toxic Radiance  Pois           0%         N/A       97%         4
 Agony                    Necr           0%         N/A       100%        5
 Silence                  Hex/Air        0%         N/A       100%        5
 Starburst                Conj/Fire      0%         6d3       100%        6
 Maxwell's Capacitive Co  Air            0%         ∞         100%        8

Inventory:

Hand Weapons
 a - a +1 falchion of chaos (weapon)
Armour
 m - a +1 cloak (worn)
Jewellery
 M - a ring of magical power
 T - a +4 ring of protection (left hand)
Wands
 d - a wand of flame (9)
 h - a wand of charming (7)
 n - a wand of mindburst (6)
 o - a wand of acid (8)
Scrolls
 b - a scroll of butterflies
 f - 5 scrolls of teleportation {@r2}
 g - 4 scrolls of noise
 p - a scroll of fog
 t - a scroll of enchant armour
Potions
 c - 4 potions of curing {@q1}
 e - 4 potions of haste {@q3}
 i - a potion of heal wounds {@q2}
 j - a potion of attraction
 k - 2 potions of magic
 l - a potion of lignification {unknown}
 q - 2 potions of brilliance

Dungeon Overview and Level Annotations

Branches:
Dungeon (6/15)              Sewer (visited)
 Temple: D:4-7

Altars:

.###.#....).........
.###.##.............
.............######
..##.##........b..#
...........#......#
..##.#.....#......#
# ..##
#.....####§..# .#
..# #.....# #...#
..# ... #.....
##@b#...# ..## #...
#.gg...# #.b....#
#......# #..#....?.
...#..##.# ##..#..#
# ...# .. .... ##.


You could see a gnoll sergeant (strong, resistant) and a gnoll.


Message History

The gnoll sergeant hits you with a +0 spear.
Unknown command.
The gnoll sergeant blocks your attack.
The gnoll sergeant is lightly wounded.
You have got your breath back.
Unknown command.
You hit the gnoll sergeant.
The gnoll sergeant is moderately wounded.
The gnoll closely misses you.
The gnoll sergeant hits you with a +0 spear!
* * * LOW HITPOINT WARNING * * *
You are too injured to fight recklessly!
Unknown command.
You barely miss the gnoll sergeant.
You tail-slap the gnoll sergeant, but do no damage.
The gnoll sergeant is moderately wounded.
The gnoll hits you from afar with a +0 halberd.
* * * LOW HITPOINT WARNING * * *
The gnoll sergeant hits you with a +0 spear!
* * * LOW HITPOINT WARNING * * *
Use which ability? (? or * to list)
Press: ? - help, Shift-Dir - straight line, f - gnoll sergeant
Aim: a gnoll sergeant, wielding a +0 spear, wearing a +0 scale mail and wearing a +0 kite shield (moderately wounded, strong, unusually resistant, 78% to hit)
You spit a glob of acid.
The gnoll sergeant blocks the glob of acid.
Your butterfly disappears in a puff of smoke!
The gnoll closely misses you.
The gnoll sergeant hits you with a +0 spear!
You die...
Xom roars with laughter!

Skill      XL: |  1  2  3  4  5  6  7  8 |
---------------+-------------------------+-----
Long Blades    | 4 5 6 8 9 12 | 12.0
Fighting       | |  3.2
Dodging        | |  2.1

Action                     |  1- 3 |  4- 6 |  7- 9 || total
---------------------------+-------+-------+-------++-------
  Melee: Falchion          |    71 |   214 |   243 ||   528
         Tailslap          |     9 |    22 |    38 ||    69
         Punch             |       |     3 |     6 ||     9
Ability: Breathe Acid      |       |       |    13 ||    13
  Evoke: Wand              |       |     1 |     1 ||     2
    Use: Scroll            |     7 |     6 |     5 ||    18
         Potion            |       |       |     1 ||     1
   Stab: Sleeping          |     2 |     1 |     1 ||     4
         Paralysed         |     2 |       |       ||     2
         Petrified         |    11 |       |       ||    11
         Distracted        |       |     3 |       ||     3
         Petrifying        |       |       |     2 ||     2
 Armour: Skin              |    31 |   125 |   175 ||   331
  Dodge: Dodged            |    29 |   117 |   119 ||   265

Levels and vault maps discovered:
D:1:      eino_arrival_druids_welcome, layout_loops_corners,
          minmay_misc_feat_encased, st_stairs_8, fountainhead
D:2:      layout_loops_cross, hellmonk_ecumenical_altar_inner_sanctum,
          uniq_terence
D:3:      corexii_shack_village, layout_basic, uniq_natasha, uniq_robin,
          uniq_jessica, uniq_crazy_yiuf_cottage
D:4:      layout_gridville
D:5:      layout_gridville, portal_sewer_entry_e
D:6:      layout_basic, uniq_grinder, uniq_edmund

Notes
Turn   | Place    | Note
-------+----------+-------------------------------------------
     0 | D:1      | demibob the Draconian Chaos Knight began the quest for the
                  | Orb.
     0 | D:1      | Reached XP level 1. HP: 19/19 MP: 1/1
   205 | D:1      | XOM: noise
   234 | D:1      | Reached XP level 2. HP: 26/26 MP: 2/2
   327 | D:1      | XOM: 3-stop teleportation journey
   411 | D:1      | XOM: 8-stop teleportation journey
   656 | D:1      | Reached skill level 4 in Long Blades
   979 | D:2      | Noticed Terence
   988 | D:2      | Reached XP level 3. HP: 28/31 MP: 3/3
   989 | D:2      | XOM: confuse monster(s)
  1004 | D:2      | Killed Terence
  1054 | D:2      | Reached skill level 5 in Long Blades
  1054 | D:2      | Reached XP level 4. HP: 38/38 MP: 4/4
  1074 | D:2      | Found a faded altar of an unknown god.
  1169 | D:2      | XOM: divination: detect creatures
  1694 | D:3      | Noticed a scorpion
  1694 | D:3      | XOM: cleaving
  1702 | D:3      | Killed a scorpion
  1702 | D:3      | XOM: destruction
  1729 | D:3      | XOM: scenery: summon butterflies
  1746 | D:3      | Noticed Natasha
  1748 | D:3      | Noticed Jessica
  1748 | D:3      | XOM: give mutations
  1748 | D:3      | Gained mutation: You are robust. (+10% HP) [Xom's grace]
  1748 | D:3      | Gained mutation: You have hidden genetic potential. [Xom's
                  | grace]
  1748 | D:3      | Gained mutation: Your system is resistant to poisons.
                  | (rPois) [Xom's grace]
  1757 | D:3      | Reached XP level 5. HP: 42/49 MP: 5/5
  1759 | D:3      | XOM: cleaving
  1768 | D:3      | XOM: cast spell 'Discord'
  1768 | D:3      | Killed Jessica
  1771 | D:3      | Killed Natasha
  1772 | D:3      | Reached skill level 6 in Long Blades
  1952 | D:3      | Noticed Robin
  1972 | D:3      | Killed Robin
  1973 | D:3      | Gained mutation: You possess an exceptional clarity of
                  | mind. [hidden potential]
  2016 | D:3      | XOM: 1-stop teleportation journey
  2031 | D:3      | Found a runed translucent door.
  2032 | D:3      | Noticed Crazy Yiuf
  2133 | D:3      | XOM: 1-stop teleportation journey
  2234 | D:3      | Noticed Natasha
  2245 | D:3      | Killed Natasha
  2246 | D:3      | Reached XP level 6. HP: 41/56 MP: 6/6
  2542 | D:3      | Noticed Natasha
  2548 | D:3      | Killed Natasha
  2549 | D:3      | Reached skill level 7 in Long Blades
  2718 | D:3      | Killed Crazy Yiuf
  3175 | D:4      | XOM: scenery: 1 doors open
  3181 | D:4      | XOM: summons 3 friendly demons
  3192 | D:4      | Reached skill level 8 in Long Blades
  3192 | D:4      | Your scales start taking on a golden yellow colour.
  3192 | D:4      | Reached XP level 7. HP: 50/62 MP: 7/7
  3192 | D:4      | Gained mutation: You are resistant to acid. (rCorr) [Yellow
                  | Draconian growth]
  3262 | D:4      | Gained mutation: Your natural rate of healing is unusually
                  | fast. [hidden potential]
  3262 | D:4      | Lost mutation: You have hidden genetic potential. [hidden
                  | potential expressed]
  3277 | D:4      | XOM: divination: detect creatures
  3599 | D:5      | Entered Level 5 of the Dungeon
  3605 | D:5      | XOM: noise
  3642 | D:5      | XOM: 1-stop teleportation journey
  3685 | D:5      | Reached skill level 9 in Long Blades
  3756 | D:5      | XOM: cloud trail
  3983 | D:5      | Found a glowing drain.
  3999 | Sewer    | Entered a sewer
  4056 | Sewer    | XOM: blink monster(s)
  4058 | Sewer    | XOM: divination: magic mapping
  4060 | Sewer    | Reached XP level 8. HP: 65/69 MP: 8/8
  4073 | Sewer    | Reached skill level 10 in Long Blades
  4266 | Sewer    | Identified the +0 ring mail of Fiwnoihi {SInv Stlth+}
  4624 | D:6      | XOM: stealth player
  4648 | D:6      | XOM: cast spell 'Olgreb's Toxic Radiance'
  4649 | D:6      | XOM: potion effect (brilliance)
  4664 | D:6      | Reached skill level 11 in Long Blades
  4701 | D:6      | Noticed Grinder
  4717 | D:6      | XOM: divination: detect creatures
  4719 | D:6      | XOM: god gift: 37 gold pieces
  4722 | D:6      | Killed Grinder
  4781 | D:6      | Reached skill level 12 in Long Blades
  4834 | D:6      | XOM: scenery: summon butterflies
  4871 | D:6      | Slain by a gnoll sergeant

Vanquished Creatures
  Grinder (D:6)
  A water moccasin (D:6)
  An ice beast (D:5)
  2 orc warriors (D:6)
  An ogre (D:5)
  4 kobold brigands (Sewer)
  A scorpion (D:5)
  3 wights (D:4)
  4 orc priests
  A hound (D:5)
  A jelly (D:4)
  Crazy Yiuf (D:3)
  Natasha (twice) (D:3)
  Terence (D:2)
  An iguana (D:5)
  4 orc wizards
  Robin (D:3)
  2 gnolls (D:6)
  8 adders
  3 river rats (D:5)
  A shadow imp (D:6)
  A white imp (D:5)
  A worm (D:2)
  4 dart slugs
  24 orcs
  12 ball pythons
  5 endoplasms
  3 giant cockroaches
  12 goblins
  15 hobgoblins
  5 jackals
  7 quokkas
  6 bats
  4 frilled lizards
  15 kobolds
  10 rats
168 creatures vanquished.

Vanquished Creatures (collateral kills)
  Jessica (D:3)
  Natasha (D:3)
  3 jackals (D:3)
5 creatures vanquished.

Vanquished Creatures (others)
  A scorpion (D:3)
  A goblin (D:3)
  A hobgoblin (D:3)
  A quokka zombie (D:5)
4 creatures vanquished.

Grand Total: 177 creatures vanquished

Table legend: (Time is in decaauts)
 A = Elapsed time spent in this place.
 B = Non-inter-level travel time spent in this place.
 C = Inter-level travel time spent in this place.
 D = Time resting spent in this place.
 E = Time spent auto-exploring this place.
 F = Levels seen in this place.
 G = Mean time per level.
                   A        B        C        D        E       F      G
               +--------+--------+--------+--------+--------+-----+--------+
         Total |   4859 |   4662 |    197 |      4 |   3631 |   7 |  694.1 |
       Dungeon |   4567 |   4370 |    197 |      4 |   3456 |   6 |  761.2 |
         Sewer |    292 |    292 |      0 |      0 |    175 |   1 |  292.0 |
               +--------+--------+--------+--------+--------+-----+--------+

Top non-repeatable levels by time:
     D:3: 1066 daAuts
     D:1: 945 daAuts
     D:4: 841 daAuts
     D:2: 756 daAuts
     D:5: 726 daAuts
   Sewer: 292 daAuts
     D:6: 230 daAuts

Table legend:
 A = Non-vault XP
 B = Vault XP
 C = Vault XP percentage of total XP
 D = Non-vault monster count
 E = Vault monster count
 F = Vault count percentage of total count
                 A         B        C        D         E       F
            +---------+---------+-------+---------+---------+-------
      Total |    1829 |     935 |  33.8 |     112 |      62 |  35.6
            +---------+---------+-------+---------+---------+-------
        D:1 |      32 |       2 |   5.9 |      20 |       1 |   4.8
        D:2 |      78 |      36 |  31.6 |      20 |       1 |   4.8
        D:3 |     205 |     148 |  41.9 |      22 |      27 |  55.1
        D:4 |     372 |       0 |   0.0 |      23 |       0 |   0.0
        D:5 |     568 |      57 |   9.1 |      15 |       8 |  34.8
        D:6 |     574 |     277 |  32.5 |      12 |       1 |   7.7
      Sewer |       0 |     415 | 100.0 |       0 |      24 | 100.0
            +---------+---------+-------+---------+---------+-------
